 Dungeon Crawl Stone Soup version 0.27.1-4-g1640c2035a (webtiles) character file.

Game seed: 11277308854492527091

81 Fulminus the Magician (level 4, -8/36 HPs)
             Began as a Gargoyle Hedge Wizard on Nov 15, 2021.
             Killed from afar by an orc wizard (9 damage)
             ... with a puff of flame
             ... on level 3 of the Dungeon.
             The game lasted 00:08:15 (3617 turns).

Fulminus the Magician (Gargoyle Hedge Wizard)       Turns: 3617, Time: 00:08:16

Health: -8/36      AC:  5    Str: 13    XL:     4   Next: 42%
Magic:  4/9        EV: 11    Int: 16    God:
Gold:   101        SH:  0    Dex:  9    Spells: 3/10 levels left

rFire    . . .     SeeInvis .   k - +2 whip (pain)
rCold    . . .     Faith    .   (no shield)
rNeg     + + .     Spirit   .   b - +0 robe
rPois    ∞         Reflect  .   c - +0 hat
rElec    +         Harm     .   (no cloak)
rCorr    .         Rampage  .   (no gloves)
Will     .....                  (no boots)
Stlth    ..........             (no amulet)
HPRegen  0.12/turn              j - ring of positive energy
MPRegen  0.11/turn              (no ring)

@: berserking, very quick
A: sickness immunity, AC +3, negative energy resistance 1, electricity
resistance, torment resistance 1, petrification resistance
a: no special abilities


You were on level 3 of the Dungeon.
You visited 1 branch of the dungeon, and saw 3 of its levels.

You collected 101 gold pieces.

Inventory:

Hand Weapons
 a - a +0 dagger
 d - a +0 whip
 e - a +1 dagger of protection
 k - a +2 whip of pain (weapon)
Armour
 b - a +0 robe (worn)
 c - a +0 hat (worn)
Jewellery
 j - a ring of positive energy (left hand)
Scrolls
 f - a scroll of identify {unknown}
 i - a scroll of immolation {unknown}
Potions
 h - a potion of brilliance {unknown}


   Skills:
 - Level 1.5 Dodging
 - Level 2.1 Stealth
 + Level 3.7 Spellcasting
 + Level 2.6 Conjurations
 - Level 0.8 Summonings
 - Level 0.8 Translocations
 * Level 1.3 Fire Magic
 * Level 1.1 Air Magic


You had 3 spell levels left.
You knew the following spells:

 Your Spells              Type           Power      Damage    Failure   Level
a - Magic Dart            Conj           44%        1d5       6%          1
b - Conjure Flame         Conj/Fire      9%         6-21      24%         3
c - Mephitic Cloud        Conj/Pois/Air  6%         N/A       30%         3

Your spell library contained the following spells:

 Spells                   Type           Power      Damage    Failure   Level
 Blink                    Tloc           N/A        N/A       19%         2
 Call Imp                 Summ           5%         N/A       19%         2
 Slow                     Hex            2%         N/A       26%         2
 Ignite Poison            Fire/Tmut/Pois 4%         N/A       41%         3
 Bolt of Magma            Conj/Fire/Erth 3%         4d5       96%         5


Dungeon Overview and Level Annotations

Branches:
Dungeon (3/15)

Altars:
Gozag


Innate Abilities, Weirdness & Mutations

You are immune to sickness and miasma.
Your stone body is resilient. (AC +3)
You are immune to poison.
You resist negative energy. (rN+)
You are resistant to electric shocks. (rElec)
You are resistant to unholy torment.
You are immune to petrification.


Message History

Confirm with . or Enter, or press ? or * to list all spells.
Aiming: Magic Dart (safe; 6% risk of failure)
Press: ? - help, Shift-Dir - straight line, f/p - orc
Aim: an orc, wielding a +0 short sword (moderately wounded, 100% to hit)
The magic dart hits the orc.
The orc is heavily wounded.
The orc barely misses you. x2
Casting: Magic Dart (safe; 6% risk of failure)
Confirm with . or Enter, or press ? or * to list all spells.
Aiming: Magic Dart (safe; 6% risk of failure)
Press: ? - help, Shift-Dir - straight line, f/p - orc
Aim: an orc, wielding a +0 short sword (heavily wounded, 100% to hit)
The magic dart hits the orc.
You kill the orc!
The orc closely misses you.
Casting: Magic Dart (safe; 6% risk of failure)
Confirm with . or Enter, or press ? or * to list all spells.
Aiming: Magic Dart (safe; 6% risk of failure)
Press: ? - help, Shift-Dir - straight line, f - orc
Aim: an orc, wielding a +0 trident (100% to hit)
The magic dart hits something.
The orc barely misses you. Something hits you.
* * * LOW HITPOINT WARNING * * *
Casting: Magic Dart (safe; 6% risk of failure)
Confirm with . or Enter, or press ? or * to list all spells.
Aiming: Magic Dart (safe; 6% risk of failure)
Press: ? - help, Shift-Dir - straight line, f/p - orc
Aim: an orc, wielding a +0 trident (100% to hit)
The magic dart hits something but does no damage.
The orc hits you from afar with a +0 trident.
* * * LOW HITPOINT WARNING * * *
Something hits you but does no damage.
It was a potion of berserk rage.
A red film seems to cover your vision as you go berserk!
You feel yourself moving faster!
You feel mighty!
The orc hits you from afar with a +0 trident.
* * * LOW HITPOINT WARNING * * *
You hear some strange, mumbled words.
A puff of flame appears from out of thin air!
The puff of flame hits you!
You die...

......# ^####.##########
.# #..........# .##
#.########.# ..#
#.########.#
..###..........#
...............#
...)..######..o#####.##.
#.#.#.## #<..{@.......
#..###.#####..######.#..
#.## ##.......######.
#..###.###...........
#.#.#.## #.##.#######
#.#...# #.##.#
#.#...####.##.######
#.#...#............#
#.....#.##.##.####.#


You could see an orc.

Vanquished Creatures
  An adder (D:3)
  2 gnolls
  A worm (D:2)
  A dart slug (D:1)
  2 orcs
  2 ball pythons (D:1)
  2 endoplasms (D:1)
  3 giant cockroaches
  3 hobgoblins
  4 quokkas
  7 bats
  3 frilled lizards
  5 goblins
  2 kobolds
  9 rats
47 creatures vanquished.

Notes
Turn   | Place    | Note
-------+----------+-------------------------------------------
     0 | D:1      | Fulminus the Gargoyle Hedge Wizard began the quest for the
                  | Orb.
     0 | D:1      | Reached XP level 1. HP: 10/10 MP: 4/4
   217 | D:1      | Reached XP level 2. HP: 15/15 MP: 4/6
  1589 | D:1      | Reached XP level 3. HP: 19/19 MP: 8/8
  1593 | D:1      | Learned a level 3 spell: Conjure Flame
  1597 | D:1      | Learned a level 3 spell: Mephitic Cloud
  2835 | D:2      | Reached skill level 1 in Fire Magic
  2835 | D:2      | Reached XP level 4. HP: 2/24 MP: 3/9
  3113 | D:3      | Reached skill level 1 in Air Magic
  3321 | D:3      | Found an opulent altar of Gozag.
  3617 | D:3      | HP: 1/36 [orc (3)]
  3617 | D:3      | Killed from afar by an orc wizard

Illustrated notes

Levels and vault maps discovered:
D:1:      psy_arrival_dodecagon, layout_loops_ring
D:2:      layout_rooms, mrwooster_statue_mirror
D:3:      layout_loops_ring, nicolae_gozag_cash_rules_everything_around_me,
          serial_shops, shop, uniq_jessica

Skill      XL: |  1  2  3  4 |
---------------+-------------+-----
Conjurations   | 2 |  2.6
Fire Magic     | 1 |  1.3
Air Magic      | 1 |  1.1
Dodging        | |  1.5
Stealth        | |  2.1
Spellcasting   | |  3.7
Summonings     | |  0.8
Translocations | |  0.8

Action                   |  1- 3 |  4- 6 || total
-------------------------+-------+-------++-------
Melee: Dagger            |    79 |     5 ||    84
       Whip              |    48 |     4 ||    52
 Cast: Magic Dart        |    74 |    28 ||   102
  Use: Potion            |       |     1 ||     1
 Stab: Sleeping          |     4 |       ||     4
Armor: Robe              |    63 |     8 ||    71
Dodge: Dodged            |    86 |    17 ||   103
